 Dungeon Crawl Stone Soup version 0.30.0-5-g1a98f26d00 (webtiles) character file.

Game seed: 9885577758822246180

3676 Jarnaxa the Thaumaturge (level 9, -6/46 HPs)
             Began as a Deep Elf Fire Elementalist on May 10, 2023.
             Was a Believer of Vehumet.
             Mangled by an orc knight
             ... wielding a +0 trident
              (23 damage)
             ... in a bailey.
             The game lasted 00:25:51 (6959 turns).

Jarnaxa the Thaumaturge (DEFE)                      Turns: 6959, Time: 00:25:51

Health: -6/46      AC:  4    Str: 11    XL:     9   Next: 89%
Magic:  19/26      EV: 13    Int: 25    God:    Vehumet [**....]
Gold:   704        SH:  0    Dex: 15    Spells: 20/31 levels left

rFire   + . .        (no weapon)
rCold   . . .        (no shield)
rNeg    + . .        s - +0 robe {rN+}
rPois   .            (no helmet)
rElec   .            q - +1 cloak {Will+}
rCorr   .            (no gloves)
SInv    .            (no boots)
Will    +....        c - amulet of regeneration
Stlth   +            n - ring of protection from fire
HPRegen 1.07/turn    d - ring "Kini Qua" {+Blink Str+6}
MPRegen 0.20/turn

%: no passive effects
@: hasted, quick
A: no striking features
a: Renounce Religion, Evoke Blink


You were in a bailey.
You worshipped Vehumet.
Vehumet was pleased with you.
You visited 1 branch of the dungeon, and saw 7 of its levels.
You also visited: Bailey.

You collected 704 gold pieces.

Inventory:

Missiles
 b - a throwing net
Armour
 q - a +1 cloak of willpower (worn)
 s - a +0 robe of positive energy (worn)
Jewellery
 c - an amulet of regeneration (around neck)
 d - the ring "Kini Qua" (right hand) {+Blink Str+6}
   (You acquired it on level 5 of the Dungeon)

   [ring of strength]

   Str:       It affects your strength (+6).
   +Blink:    It lets you blink.
 n - a ring of protection from fire (left hand)
Wands
 m - a wand of polymorph (8)
 o - a wand of digging (1)
 r - a wand of acid (7)
 v - a wand of charming (6)
Scrolls
 h - 2 scrolls of amnesia
 u - a scroll of blinking
 w - a scroll of teleportation {unknown}
Potions
 a - a potion of magic
 e - 2 potions of berserk rage
 f - 2 potions of haste
 g - 4 potions of heal wounds
 i - 3 potions of curing
 j - a potion of invisibility {unknown}
 k - 2 potions of attraction
 l - a potion of resistance {unknown}
 p - a potion of might {unknown}


   Skills:
 + Level 0.3 Fighting
 + Level 3.9 Dodging
 + Level 3.4 Stealth
 + Level 11.8 Spellcasting
 + Level 6.2 Conjurations
 + Level 1.6 Hexes
 + Level 10.3 Fire Magic
 + Level 0.3 Evocations


You had 20 spell levels left.
You knew the following spells:

 Your Spells              Type           Power      Damage    Failure   Level
a - Foxfire               Conj/Fire      100%       2x1d9     1%          1
b - Scorch                Fire           100%       2d9       1%          2
c - Flame Wave            Conj/Fire      54%        2d13      1%          4
d - Inner Flame           Hex/Fire       44%        N/A       1%          3
e - Magic Dart            Conj           100%       1d8       1%          1

Your spell library contained the following spells:

 Spells                   Type           Power      Damage    Failure   Level
 Ignite Poison            Fire/Tmut/Pois 31%        N/A       3%          3
 Volatile Blastmotes      Fire/Tloc      80%        2d16      1%          3


Dungeon Overview and Level Annotations

Branches:
Dungeon (7/15)             Temple (0/1) D:6          Bailey (1/1)

Altars:
Dithmenos
Elyvilon
Hepliaklqana
Okawaru
Sif Muna
Trog
Vehumet
Xom

Shops:
D:2 !?![(   D:6 *

Annotations:
D:3 exclusion: statue


Message History

You start resting.
An orc knight is nearby!
You conjure some foxfire!
Your foxfire dissipates!
The foxfire hits the orc knight.
The orc knight is lightly wounded.
You conjure some foxfire!
Your foxfire dissipates!
The foxfire hits the orc knight but does no damage.
The orc knight is lightly wounded.
You conjure some foxfire!
The foxfire hits the orc knight but does no damage.
The orc knight is lightly wounded.
The foxfire hits the orc knight but does no damage.
The orc knight is lightly wounded.
You conjure some foxfire!
Your foxfire dissipates!
The foxfire hits the orc knight but does no damage.
The orc knight is lightly wounded.
You conjure some foxfire!
The orc knight hits you from afar with a +0 trident!!
Your foxfire dissipates!
The foxfire hits the orc knight.
The orc knight is lightly wounded.
Casting: Foxfire (safe; 1% risk of failure)
Confirm with . or Enter, or press ? or * to list all spells.
Flames lash the orc knight but do no damage.
You hear a shout!
The orc knight splashes around in the water.
Casting: Scorch (safe; 1% risk of failure)
Confirm with . or Enter, or press ? or * to list all spells.
Flames lash the orc knight.
The orc knight is lightly wounded.
The orc knight's fire resistance burns away.
The orc knight is engulfed in a cloud of scalding steam.
The orc knight hits you from afar with a +0 trident!
You feel yourself speed up.
The orc knight hits you from afar with a +0 trident!!
Ouch! That really hurt!
You die...

#.....≈≈#)##≈~~~~#######~~~~≈##)
#.....~≈≈)≈≈≈~~~~# ##~~~≈≈≈)
#.....~~~~~~~~~~~# ##~~~~~~
#.....~~~~~~~~)~~# ##~~~~~
#.....~~~~~~~##~~# ~#~~~~~
#.....~~~~~~~##~### o##~~~~
#.....~~~~~~~##~')# §##~~~~
#.....~~~~~~~##~### )##~~~~
#.....~~~~~~~##@')# ~##~~~~
#.....~~~~~~~##~#########~##~~~~
#.....~~~~~~~~#~o##.#.##§§#~~~~~
#.....~~~~~~~~##§~#'#'#~§##~~~~~
#.....~~~~~~~~~##~~§~~~~##~~~~~~
#.....~≈≈)≈≈≈~~~#########~~~≈≈≈~
#.....≈≈#)##≈~~~~~~###~~~~~~≈##.
#.....≈##.∩#≈~~~~~~~~~~~~~~~≈#∩.
#.....≈#....~~~~~~~~~~~~~~~~)...


You could see an orc knight (combustible).

Vanquished Creatures
  A two-headed ogre (D:5)
  Maggie (D:7)
  Sigmund (D:3)
  Edmund (D:6)
  7 orc warriors
  2 ice beasts
  A black bear (D:6)
  2 centaurs
  3 ogres
  2 bullfrogs (D:6)
  A gnoll sergeant (D:6)
  A scorpion (D:6)
  3 wights (D:6)
  4 orc priests
  5 hounds
  2 jellies
  2 iguanas
  2 orc wizards (D:4)
  Natasha (thrice) (D:3)
  8 gnolls
  8 adders
  A shadow imp (D:5)
  An ufetubus (D:5)
  2 worms (D:2)
  3 dart slugs
  38 orcs
  4 ball pythons
  6 endoplasms
  2 giant cockroaches
  12 goblins
  8 hobgoblins
  10 kobolds
  6 quokkas
  4 bats
  5 frilled lizards
  7 rats
169 creatures vanquished.

Vanquished Creatures (collateral kills)
  A foxfire (D:4)
1 creature vanquished.

Vanquished Creatures (others)
  A wizard (D:4)
  597 foxfires
598 creatures vanquished.

Grand Total: 768 creatures vanquished

Notes
Turn   | Place    | Note
-------+----------+-------------------------------------------
     0 | D:1      | Jarnaxa the Deep Elf Fire Elementalist began the quest for
                  | the Orb.
     0 | D:1      | Reached XP level 1. HP: 10/10 MP: 6/6
   140 | D:1      | Reached XP level 2. HP: 15/15 MP: 4/8
   989 | D:1      | Reached XP level 3. HP: 19/19 MP: 4/9
   992 | D:1      | Learned a level 2 spell: Scorch
  1213 | D:2      | Found Eppesme's Armour Shoppe.
  1273 | D:2      | Found Tidgheaf's Distillery.
  1372 | D:2      | Reached skill level 4 in Spellcasting
  1372 | D:2      | Reached XP level 4. HP: 16/24 MP: 4/12
  1522 | D:2      | Found Piuxuas's Magic Scroll Boutique.
  1902 | D:2      | Found Qidy's Distillery.
  2066 | D:2      | Found Fyvisk's Weapon Boutique.
  2298 | D:3      | Found a radiant altar of Vehumet.
  2298 | D:3      | Noticed a frost-covered statue
  2388 | D:3      | Became a worshipper of Vehumet
  2538 | D:3      | Found a faded altar of an unknown god.
  2626 | D:3      | Found a hazy altar of Hepliaklqana.
  2778 | D:3      | Found a shimmering blue altar of Sif Muna.
  2852 | D:3      | Noticed Sigmund
  2860 | D:3      | Killed Sigmund
  2861 | D:3      | Reached skill level 5 in Spellcasting
  2861 | D:3      | Reached skill level 5 in Fire Magic
  2861 | D:3      | Reached XP level 5. HP: 28/28 MP: 9/15
  2861 | D:3      | Reached XP level 6. HP: 32/32 MP: 9/16
  3010 | D:3      | Learned a level 4 spell: Flame Wave
  3051 | D:3      | Found a shadowy altar of Dithmenos.
  3152 | D:3      | Noticed Natasha
  3155 | D:3      | Killed Natasha
  3272 | D:3      | Noticed Natasha
  3275 | D:3      | Killed Natasha
  3382 | D:3      | Noticed Natasha
  3386 | D:3      | Killed Natasha
  3416 | D:4      | Reached skill level 6 in Spellcasting
  3548 | D:4      | Learned a level 3 spell: Inner Flame
  3682 | D:4      | Reached XP level 7. HP: 36/36 MP: 11/19
  3952 | D:4      | Found a bloodstained altar of Trog.
  3992 | D:4      | Noticed a wizard
  3997 | D:4      | Killed a wizard
  4260 | D:4      | Reached skill level 7 in Spellcasting
  4383 | D:5      | Entered Level 5 of the Dungeon
  4481 | D:5      | Found a white marble altar of Elyvilon.
  4488 | D:5      | Reached * piety under Vehumet
  4488 | D:5      | Offered knowledge of Magic Dart by Vehumet.
  4492 | D:5      | Learned a level 1 spell: Magic Dart
  4718 | D:5      | Reached skill level 8 in Spellcasting
  4729 | D:5      | Noticed a two-headed ogre
  4753 | D:5      | Killed a two-headed ogre
  4754 | D:5      | Reached skill level 9 in Spellcasting
  4754 | D:5      | Reached skill level 1 in Hexes
  4754 | D:5      | Reached XP level 8. HP: 41/41 MP: 14/23
  5045 | D:5      | Identified 2 scrolls of acquirement
  5045 | D:5      | Acquired the ring "Kini Qua" {+Blink Str+6}
  5054 | D:5      | Acquired a +1 cloak of willpower
  5215 | D:6      | Reached skill level 5 in Conjurations
  5397 | D:6      | Reached skill level 10 in Spellcasting
  5397 | D:6      | Reached XP level 9. HP: 45/45 MP: 18/25
  5427 | D:6      | Noticed Edmund
  5443 | D:6      | Killed Edmund
  5756 | D:6      | Found an iron altar of Okawaru.
  5800 | D:6      | Reached ** piety under Vehumet
  5800 | D:6      | Offered knowledge of Freeze by Vehumet.
  5917 | D:6      | Found Dyrghatt's Gadget Gallery.
  5930 | D:6      | Found a staircase to the Ecumenical Temple.
  5956 | D:6      | Found a shimmering altar of Xom.
  6298 | D:7      | Noticed Maggie
  6324 | D:7      | Killed Maggie
  6325 | D:7      | Reached skill level 11 in Spellcasting
  6366 | D:7      | Found a flagged portal.
  6407 | Bailey   | Entered a bailey
  6571 | Bailey   | Reached skill level 10 in Fire Magic
  6585 | Bailey   | Offered knowledge of Ignite Poison by Vehumet.
  6928 | Bailey   | Noticed an orc knight
  6959 | Bailey   | Mangled by an orc knight

Illustrated notes

Levels and vault maps discovered:
D:1:      dpeg_arrival_fog, layout_loops_ring, minmay_misc_feat_four_crosses,
          grunt_decor_resistance
D:2:      layout_loops_ring, serial_shops, nicolae_shop_tiny_glass,
          nicolae_shop_tiny_statue_garden, shop, nicolae_shop_hallway_plus, shop
D:3:      layout_basic, grunt_dithmenos_smoke_and_mirrors, vehumet_statue,
          general_overflow_altar, nicolae_sif_muna_condensation,
          chequers_ecumenical_altar_twisty, uniq_natasha, uniq_sigmund
D:4:      layout_cave_pools, trog_wizard, minmay_gold_behind_fungi,
          minivault_14, kennysheep_orc_chapel
D:5:      layout_cave_pools, elyvilon_altar_5, grunt_ministairs_7
D:6:      layout_rooms, amcnicky_altar_gilded, kennysheep_okawaru_gauntlet,
          temple_fountains, nicolae_shop_gadgets, uniq_edmund
D:7:      layout_loops_corners, enter_bailey_3, biasface_ghost_orc_armoury,
          kennysheep_generic_room_2, uniq_maggie
Bailey:   bailey_polearm_2, bailey

Skill      XL: |  1  2  3  4  5  6  7  8  9 |
---------------+----------------------------+-----
Fire Magic     | 4 5 6 7 8 10 | 10.3
Conjurations   | 2 3 4 5 6 |  6.2
Spellcasting   | 4 5 6 9 10 11 | 11.8
Dodging        | 3 |  3.9
Stealth        | 3 |  3.4
Hexes          | 1 |  1.6
Fighting       | |  0.3
Evocations     | |  0.3

Action                     |  1- 3 |  4- 6 |  7- 9 || total
---------------------------+-------+-------+-------++-------
  Melee: Unarmed           |     3 |       |       ||     3
   Cast: Foxfire           |    69 |   110 |   203 ||   382
         Scorch            |     4 |    10 |    42 ||    56
         Inner Flame       |       |     1 |     7 ||     8
         Flame Wave        |       |       |     9 ||     9
         Magic Dart        |       |       |     8 ||     8
  Evoke: Wand              |       |       |     2 ||     2
    Use: Scroll            |     2 |     6 |     6 ||    14
         Potion            |     1 |       |     1 ||     2
 Armour: Robe              |     6 |       |     4 ||    10
  Dodge: Dodged            |    28 |    12 |    46 ||    86
